 Dungeon Crawl Stone Soup version 0.24.0-125-gc4c63601f3 (console) character file.

Game seed: 5834569402030250094, levelgen mode: deterministic

16345 Kagalorn the Thaumaturge (level 12, -1/91 HPs)
             Began as a Gnoll Wanderer on Mar 13, 2020.
             Was a High Priest of Sif Muna.
             Succumbed to a spiny frog's poison
             ... on level 1 of the Lair of Beasts.
             The game lasted 00:58:51 (16548 turns).

Kagalorn the Thaumaturge (Gnoll Wanderer)          Turns: 16548, Time: 00:58:52

Health: -1/91      AC: 13    Str: 15    XL:     12   Next: 36%
Magic:  20/26      EV: 14    Int: 21    God:    Sif Muna [*****.]
Gold:   558        SH:  0    Dex: 13    Spells: 21/31 levels left

rFire    + + .     SeeInvis +   a - +2 whip (elec)
rCold    . . .     Gourm    .   (no shield)
rNeg     . . .     Faith    .   Q - +2 ring mail {rF+}
rPois    .         Spirit   .   q - +0 helmet
rElec    .         Reflect  .   P - scarf {repulsion}
rCorr    .         Harm     .   B - +1 pair of gloves
MR       .....                  h - +0 pair of boots
Stlth    +++.......             (no amulet)
HPRegen  0.25/turn              D - ring of see invisible
MPRegen  0.20/turn              x - ring of protection from fire

@: lethally poisoned (-1 -> -33), repel missiles
A: distributed training, fangs 1, strong nose
a: Channel Magic, Forget Spell, Divine Exegesis, Renounce Religion


You were on level 1 of the Lair of Beasts.
You worshipped Sif Muna.
Sif Muna was extremely pleased with you.
You were very hungry.

You visited 3 branches of the dungeon, and saw 13 of its levels.

You collected 587 gold pieces.
You spent 29 gold pieces at shops.

Inventory:

Hand Weapons
 a - a +2 whip of electrocution (weapon)
 b - the +0 quarterstaff "Spiderslayer" {freeze, rC++ Dex+3}
   (You found it on level 4 of the Dungeon)

   It has been specially enchanted to freeze those struck by it, causing extra
   injury to most foes and up to half again as much damage against particularly
   susceptible opponents.
   It can also slow down cold-blooded creatures.
   It affects your dexterity (+3).
   It greatly protects you from cold.
 v - a +2 vampiric spear
 w - a +0 hand crossbow
 H - a +2 hunting sling of freezing
 O - a +1 scimitar of flaming
 W - a +0 trident
Missiles
 e - 82 arrows
 j - 334 stones
 n - 80 sling bullets
 o - 133 bolts
 r - 4 throwing nets
 y - 4 javelins
 A - 64 poisoned darts (quivered)
Armour
 h - a +0 pair of boots (worn)
 q - a +0 helmet (worn)
 s - a +1 cloak
 B - a +1 pair of gloves (worn)
 P - a scarf of repulsion (worn)
 Q - a +2 ring mail of fire resistance (worn)
 R - +0 steam dragon scales
Jewellery
 x - a ring of protection from fire (right hand)
 D - a ring of see invisible (left hand)
Wands
 d - a wand of acid (3)
 C - a wand of enslavement (8)
 J - a wand of paralysis (12)
 N - a wand of polymorph (9)
Scrolls
 k - 4 scrolls of amnesia
 m - 2 scrolls of teleportation
 t - a scroll of magic mapping
 u - a scroll of remove curse
 z - 5 scrolls of identify
 F - 4 scrolls of blinking
 G - a scroll of enchant weapon
Potions
 c - 9 potions of curing
 f - 4 potions of heal wounds
 i - 3 potions of flight
 l - 3 potions of agility
 p - a potion of haste
 E - 2 potions of magic
 I - 5 potions of brilliance
 K - a potion of might
 M - a potion of lignification
Comestibles
 g - 19 rations


   Skills:
 + Level 7.1 Fighting
 + Level 7.1 Short Blades
 + Level 7.1 Long Blades
 + Level 7.1 Axes
 + Level 8.5 Maces & Flails
 + Level 7.1 Polearms
 + Level 7.1 Staves
 + Level 7.1 Slings
 + Level 7.1 Bows
 + Level 7.1 Crossbows
 + Level 7.1 Throwing
 + Level 7.6 Armour
 + Level 7.1 Dodging
 + Level 8.3 Stealth
 + Level 7.1 Shields
 + Level 7.1 Unarmed Combat
 + Level 10.1 Spellcasting
 + Level 6.3 Conjurations
 + Level 5.9 Hexes
 + Level 5.9 Charms
 + Level 5.9 Summonings
 + Level 6.3 Necromancy
 + Level 5.9 Translocations
 + Level 5.9 Transmutations
 + Level 5.9 Fire Magic
 + Level 5.9 Ice Magic
 + Level 5.9 Air Magic
 + Level 5.9 Earth Magic
 + Level 5.9 Poison Magic
 + Level 7.8 Invocations
 + Level 7.1 Evocations


You had 21 spell levels left.
You knew the following spells:

 Your Spells              Type           Power        Failure   Level  Hunger
a - Magic Dart            Conj           ####         1%          1    None
c - Conjure Flame         Conj/Fire      #####...     2%          3    None
e - Mephitic Cloud        Conj/Pois/Air  #####...     3%          3    None
f - Summon Butterflies    Summ           #####...     1%          1    None
g - Blink                 Tloc           N/A          1%          2    None

Your spell library contained the following spells:

 Spells                   Type           Power        Failure   Level  Hunger
 Corona                   Hex            #####..      1%          1    None
 Flame Tongue             Conj/Fire      #####        1%          1    None
 Freeze                   Ice            ####         1%          1    None
 Call Imp                 Summ           #####...     1%          2    None
 Ensorcelled Hibernation  Hex/Ice        #####.       1%          2    None
 Slow                     Hex            #####...     1%          2    None
 Song of Slaying          Chrm           #####...     1%          2    None
 Throw Flame              Conj/Fire      #####.       1%          2    None
 Throw Frost              Conj/Ice       #####.       1%          2    None
 Dazzling Spray           Conj/Hex       #####.       2%          3    None
 Confuse                  Hex            #####...     3%          3    None
 Inner Flame              Hex/Fire       #####...     3%          3    None
 Ozocubu's Armour         Chrm/Ice       #####...     3%          3    None
 Summon Guardian Golem    Hex/Summ       #####...     3%          3    None
 Tukima's Dance           Hex            #####...     3%          3    None
 Cause Fear               Hex            #####.....   10%         4    ##.....
 Sticky Flame             Conj/Fire      #####...     10%         4    ##.....
 Summon Ice Beast         Ice/Summ       #####...     10%         4    ##.....
 Throw Icicle             Conj/Ice       #####...     10%         4    ##.....
 Fireball                 Conj/Fire      #####.....   26%         5    ####...
 Metabolic Englaciation   Hex/Ice        #####.....   28%         5    ####...
 Deflect Missiles         Chrm/Air       #####.....   83%         6    ######.
 Invisibility             Hex            #####...     83%         6    ######.
 Discord                  Hex            #####.....   100%        8    #######


Dungeon Overview and Level Annotations

Branches:
Dungeon (11/15)            Temple (1/1) D:4            Lair (1/6) D:8
    Orc (0/2) D:9

Altars:
Ashenzari
Cheibriados
Dithmenos
Elyvilon
Fedhas
Gozag
Hepliaklqana
Kikubaaqudgha
Makhleb
Nemelex Xobeh
Okawaru
Qazlal
Ru
Sif Muna
Trog
Uskayaw
Vehumet
Wu Jian
Xom
Yredelemnul
Zin
The Shining One
Beogh

Shops:
D:4 =   D:8 [   D:10 }(*!   D:11 :

Annotations:
D:2 Sigmund
D:8 2 transporters, Tartanist's ghost, novice TrBe


Innate Abilities, Weirdness & Mutations

Your experience applies equally to all skills.
You have very sharp teeth.
Your uncanny sense of smell can sniff out nearby items.


Message History

The spiny frog closely misses you.
Casting: Magic Dart (safe; 1% risk of failure)
Confirm with . or Enter, or press ? or * to list all spells.
Aiming: Magic Dart (safe; 1% risk of failure)
Press: ? - help, Shift-Dir - straight line, f/p - spiny frog
Aim: a spiny frog (almost dead)
The magic dart hits the spiny frog but does no damage.
The spiny frog is almost dead.
* * * LOW HITPOINT WARNING * * *
You feel very sick. The spiny frog misses you.
Casting: Magic Dart (safe; 1% risk of failure)
Confirm with . or Enter, or press ? or * to list all spells.
Aiming: Magic Dart (safe; 1% risk of failure)
Press: ? - help, Shift-Dir - straight line, f/p - spiny frog
Aim: a spiny frog (almost dead)
The magic dart hits the spiny frog.
You kill the spiny frog!
Sif Muna accepts your kill.
You die...

........#......#
...#..Y
#.##...###[###.#
....... #
#...###.⌠.###
.....P#.....#
.......#⌠.>.⌠#
.............#∆
........#...#.....
##..###+.##.###
..###..@..###
............#
^...#.#.....# . +
#.⌠.....
#...#.#...
......#.#.
#.....## .
∆....##.


There were no monsters in sight!

Vanquished Creatures
  Gastronok (D:10)
  Harold (D:7)
  Erica (D:9)
  3 two-headed ogres
  An unseen horror (D:10)
  Pikel (D:7)
  An ugly thing (D:11)
  Joseph (D:8)
  Maurice (D:9)
  A kobold demonologist (D:11)
  A gargoyle (D:10)
  A spiny frog (Lair:1)
  A komodo dragon (D:11)
  A troll (D:10)
  A queen bee (D:7)
  Prince Ribbit (D:8)
  Grinder (D:6)
  4 hippogriffs
  A vampire (D:9)
  Eustachio (D:6)
  5 yaks
  3 hungry ghosts
  A steam dragon (D:10)
  Edmund (D:6)
  6 orc warriors
  4 ice beasts
  2 phantoms
  A sky beast (D:6)
  2 black bears
  2 ogres (D:5)
  A centaur (D:7)
  4 big kobolds
  7 bullfrogs
  A wyvern zombie (D:9)
  3 scorpions
  22 killer bees
  4 wights (D:9)
  2 howler monkeys
  6 crimson imps
  4 hounds
  2 jellies
  11 orc wizards
  3 centaur skeletons
  6 orc priests
  3 iguanas
  6 worker ants
  A hound skeleton (D:7)
  17 adders
  8 gnolls
  3 shadow imps (D:9)
  2 oozes
  An adder zombie (D:5)
  A worm (D:4)
  A dart slug (D:1)
  5 leopard geckos
  54 orcs
  2 bats
  5 giant cockroaches
  8 goblins
  5 hobgoblins
  8 jackals
  3 quokkas
  A ball python (D:3)
  A ball python zombie (D:6)
  5 frilled lizards
  27 kobolds
  A leopard gecko skeleton (D:4)
  A leopard gecko zombie (D:5)
  3 quokka skeletons
  A quokka zombie (D:5)
  7 rats
308 creatures vanquished.

Vanquished Creatures (others)
  A slave (D:7)
1 creature vanquished.

Grand Total: 309 creatures vanquished

Notes
Turn   | Place    | Note
-------+----------+-------------------------------------------
     0 | D:1      | Kagalorn the Gnoll Wanderer began the quest for the Orb.
     0 | D:1      | Kagalorn set off with the following items: a +0 club, a
                  | potion of curing, a +0 robe, a +0 dagger, a ration; and the
                  | following spells available to memorise: Magic Dart, Summon
                  | Butterflies, Blink, Call Imp, Slow, Conjure Flame, Mephitic
                  | Cloud, Summon Guardian Golem
     0 | D:1      | Reached XP level 1. HP: 13/13 MP: 8/8
     5 | D:1      | Learned a level 1 spell: Magic Dart
     7 | D:1      | Learned a level 1 spell: Summon Butterflies
   146 | D:1      | Reached XP level 2. HP: 19/19 MP: 6/10
   514 | D:1      | Reached XP level 3. HP: 20/25 MP: 5/11
   539 | D:1      | Learned a level 2 spell: Blink
   543 | D:1      | Learned a level 3 spell: Conjure Flame
  1097 | D:1      | Reached skill level 1 in Invocations
  1338 | D:2      | Found a snail-covered altar of Cheibriados.
  1338 | D:2      | Found an ancient bone altar of Kikubaaqudgha.
  1381 | D:2      | Reached skill level 1 in Fighting
  1381 | D:2      | Reached skill level 1 in Short Blades
  1381 | D:2      | Reached skill level 1 in Long Blades
  1381 | D:2      | Reached skill level 1 in Axes
  1381 | D:2      | Reached skill level 1 in Polearms
  1381 | D:2      | Reached skill level 1 in Staves
  1381 | D:2      | Reached skill level 1 in Slings
  1381 | D:2      | Reached skill level 1 in Bows
  1381 | D:2      | Reached skill level 1 in Crossbows
  1381 | D:2      | Reached skill level 1 in Throwing
  1381 | D:2      | Reached skill level 1 in Dodging
  1381 | D:2      | Reached skill level 1 in Shields
  1381 | D:2      | Reached skill level 1 in Unarmed Combat
  1381 | D:2      | Reached skill level 1 in Evocations
  1381 | D:2      | Reached XP level 4. HP: 26/32 MP: 0/13
  1585 | D:2      | Reached skill level 1 in Hexes
  1585 | D:2      | Reached skill level 1 in Charms
  1585 | D:2      | Reached skill level 1 in Summonings
  1585 | D:2      | Reached skill level 1 in Translocations
  1585 | D:2      | Reached skill level 1 in Transmutations
  1585 | D:2      | Reached skill level 1 in Fire Magic
  1585 | D:2      | Reached skill level 1 in Ice Magic
  1585 | D:2      | Reached skill level 1 in Air Magic
  1585 | D:2      | Reached skill level 1 in Earth Magic
  1585 | D:2      | Reached skill level 1 in Poison Magic
  1760 | D:2      | Found a bloodstained altar of Trog.
  1881 | D:2      | Noticed Sigmund
  2530 | D:1      | Learned a level 3 spell: Mephitic Cloud
  2611 | D:2      | Reached XP level 5. HP: 22/37 MP: 0/14
  3089 | D:3      | Found a burning altar of Makhleb.
  3158 | D:3      | Noticed an angel
  3159 | D:3      | Found a shimmering altar of Xom.
  3162 | D:3      | Found a glowing silver altar of Zin.
  3285 | D:3      | Reached XP level 6. HP: 44/44 MP: 11/16
  3535 | D:4      | Found a staircase to the Ecumenical Temple.
  3558 | D:4      | Got a warped quarterstaff
  3561 | Temple   | Entered the Ecumenical Temple
  3739 | Temple   | Became a worshipper of Sif Muna the Loreminder
  4048 | D:4      | Found a radiant altar of Vehumet.
  4115 | D:4      | Reached skill level 5 in Maces & Flails
  4508 | D:4      | Found Tofum's Jewellery Shoppe.
  4556 | D:4      | Found a blossoming altar of Fedhas.
  4655 | D:4      | Reached XP level 7. HP: 50/50 MP: 4/18
  4681 | D:5      | Entered Level 5 of the Dungeon
  4738 | D:5      | Identified the cursed +0 quarterstaff "Spiderslayer"
                  | {freeze, rC++ Dex+3} (You found it on level 4 of the
                  | Dungeon)
  4852 | D:5      | Found a hazy altar of Hepliaklqana.
  5510 | D:5      | Reached skill level 5 in Stealth
  5837 | D:6      | Reached * piety under Sif Muna
  5918 | D:6      | Reached XP level 8. HP: 57/57 MP: 3/19
  6017 | D:6      | Noticed Eustachio
  6071 | D:6      | Killed Eustachio
  6125 | D:6      | Noticed Grinder
  6579 | D:6      | Reached skill level 8 in Spellcasting
  6876 | D:6      | Killed Grinder
  6876 | D:6      | Noticed Edmund
  6885 | D:6      | Killed Edmund
  6885 | D:6      | Reached XP level 9. HP: 65/65 MP: 15/21
  7161 | D:7      | Noticed Pikel
  7771 | D:7      | Reached skill level 5 in Armour
  8059 | D:7      | Killed Pikel
  8059 | D:7      | Reached ** piety under Sif Muna
  8059 | D:7      | Reached skill level 5 in Invocations
  8486 | D:7      | Found an iron altar of Okawaru.
  8508 | D:7      | Reached XP level 10. HP: 64/73 MP: 9/22
  8889 | D:8      | Noticed Joseph
  9658 | D:7      | Reached skill level 5 in Fighting
  9658 | D:7      | Reached skill level 5 in Short Blades
  9658 | D:7      | Reached skill level 5 in Long Blades
  9658 | D:7      | Reached skill level 5 in Axes
  9658 | D:7      | Reached skill level 5 in Polearms
  9658 | D:7      | Reached skill level 5 in Staves
  9658 | D:7      | Reached skill level 5 in Slings
  9658 | D:7      | Reached skill level 5 in Bows
  9658 | D:7      | Reached skill level 5 in Crossbows
  9658 | D:7      | Reached skill level 5 in Throwing
  9658 | D:7      | Reached skill level 5 in Dodging
  9658 | D:7      | Reached skill level 5 in Shields
  9658 | D:7      | Reached skill level 5 in Unarmed Combat
  9658 | D:7      | Reached skill level 5 in Evocations
  9804 | D:8      | Found a transporter.
  9983 | D:8      | Found a transporter.
  9983 | D:8      | Noticed Tartanist's ghost (novice TrBe)
 10033 | D:8      | Found Zematotz's Antique Armour Shop.
 10087 | D:8      | Noticed a centaur warrior
 10120 | D:8      | Noticed a deep elf mage
 10415 | D:8      | Found a staircase to the Lair.
 10443 | D:8      | Noticed Harold
 10852 | D:7      | Killed Harold
 10852 | D:7      | Reached skill level 9 in Spellcasting
 10852 | D:7      | Reached skill level 5 in Conjurations
 10852 | D:7      | Reached skill level 5 in Necromancy
 11053 | D:8      | Killed Joseph
 11455 | D:8      | Noticed Prince Ribbit
 11468 | D:8      | Killed Prince Ribbit
 11704 | D:9      | Found a staircase to the Orcish Mines.
 11730 | D:9      | Noticed Erica
 12230 | D:9      | Reached XP level 11. HP: 81/81 MP: 20/24
 12282 | D:9      | Reached *** piety under Sif Muna
 12417 | D:9      | Found an ornate altar of the Wu Jian Council.
 13279 | D:9      | Killed Erica
 13279 | D:9      | Reached skill level 5 in Hexes
 13279 | D:9      | Reached skill level 5 in Charms
 13279 | D:9      | Reached skill level 5 in Summonings
 13279 | D:9      | Reached skill level 5 in Translocations
 13279 | D:9      | Reached skill level 5 in Transmutations
 13279 | D:9      | Reached skill level 5 in Fire Magic
 13279 | D:9      | Reached skill level 5 in Ice Magic
 13279 | D:9      | Reached skill level 5 in Air Magic
 13279 | D:9      | Reached skill level 5 in Earth Magic
 13279 | D:9      | Reached skill level 5 in Poison Magic
 13381 | D:9      | Reached **** piety under Sif Muna
 13675 | D:9      | Found a roughly hewn altar of Beogh.
 13718 | D:10     | Entered Level 10 of the Dungeon
 13732 | D:10     | Found Osidghu's Weapon Shoppe.
 13743 | D:10     | Noticed Gastronok
 13916 | D:10     | Found Ejaz's Assorted Antiques.
 13935 | D:10     | Bought a scroll labeled TOLICE MONGEL for 29 gold pieces
 13968 | D:10     | Noticed Maurice
 14018 | D:9      | Killed Maurice
 14538 | D:10     | Found a glowing golden altar of the Shining One.
 14638 | D:10     | Noticed a two-headed ogre
 14642 | D:10     | Noticed an unseen horror
 14648 | D:10     | Killed a two-headed ogre
 14655 | D:10     | Killed an unseen horror
 14856 | D:10     | Found a radiant altar of Vehumet.
 15167 | D:10     | Found Vaxkud's Distillery.
 15171 | D:10     | Noticed a two-headed ogre
 15198 | D:10     | Killed a two-headed ogre
 15321 | D:10     | Killed Gastronok
 15321 | D:10     | Reached XP level 12. HP: 89/89 MP: 20/25
 15460 | D:10     | Reached ***** piety under Sif Muna
 15460 | D:10     | Identified Keperrok's Compendium of Aid and Beguiling (Sif
                  | Muna gifted it to you on level 10 of the Dungeon)
 15460 | D:10     | Received a gift from Sif Muna
 15480 | D:10     | Found Fihaizey's Gadget Emporium.
 15678 | D:11     | Reached skill level 10 in Spellcasting
 15711 | D:11     | Found Zyfiemoll's Book Emporium.
 15859 | D:11     | Noticed a two-headed ogre
 15882 | D:11     | Killed a two-headed ogre
 16492 | Lair:1   | Entered Level 1 of the Lair of Beasts
 16547 | Lair:1   | HP: 2/91 [poisoned by a spiny frog]
 16548 | Lair:1   | Succumbed to a spiny frog's poison

Levels and vault maps discovered:
D:1:      dpeg_arrival_simpleton_b, layout_loops_ring, minmay_misc_feat_five
D:2:      layout_basic, nicolae_overflow_crystal_walls,
          gammafunk_temple_overflow_statue, uniq_sigmund
D:3:      layout_rooms, grunt_temple_overflow_order_and_chaos_1,
          lemuel_doored_altar
D:4:      layout_rooms, lemuel_coloured_pillars_altar,
          minmay_temple_entry_trees, serial_shops, kennysheep_mini_moat,
          minmay_misc_feat_four_crosses, fedhas_altar_fruit_tree
D:5:      layout_layer_cave, old_standard_altar, first_ration, corner_web_ring,
          minivault_1
D:6:      layout_loops_cross, uniq_edmund, uniq_eustachio, uniq_grinder
D:7:      layout_loops_ring, kennysheep_little_box, uniq_pikel
D:8:      layout_basic, dpeg_oklobed_lair, gammafunk_ghost_arena, serial_shops,
          shop, david_nohive_1, minivault_12, uniq_joseph, uniq_harold,
          uniq_prince_ribbit1
D:9:      layout_basic, lemuel_crystal_altar, orc_0_dummy, special_room
          [special_room_orc], mumra_transporter_accident, minmay_misc_feat_chi,
          chequers_jeans, uniq_erica
D:10:     layout_loops_ring, basic_altar, serial_shops,
          nicolae_shop_window_shopping, nicolae_shop_crystal,
          nicolae_shop_stone, nicolae_shop_statue_plus, tso_metal_star,
          uniq_gastronok, uniq_maurice
D:11:     layout_roguey, serial_shops, shop
Temple:   minmay_temple_bridge_abc
Lair:1:   layout_regular_city, nicolae_volcano_entry_lava_flow, pond,
          grunt_megastairs_1, lemuel_fruit_fields, serial_bayou_shore_b

Skill      XL: |  1  2  3  4  5  6  7  8  9 10 11 12 |
---------------+-------------------------------------+-----
Conjurations   | 2 3 4 5 6 |  6.3
Necromancy     | 2 3 4 5 6 |  6.3
Invocations    | 1 2 3 4 5 6 7 |  7.8
Fighting       | 1 2 3 4 5 6 7 |  7.1
Short Blades   | 1 2 3 4 5 6 7 |  7.1
Long Blades    | 1 2 3 4 5 6 7 |  7.1
Axes           | 1 2 3 4 5 6 7 |  7.1
Polearms       | 1 2 3 4 5 6 7 |  7.1
Staves         | 1 2 3 4 5 6 7 |  7.1
Slings         | 1 2 3 4 5 6 7 |  7.1
Bows           | 1 2 3 4 5 6 7 |  7.1
Crossbows      | 1 2 3 4 5 6 7 |  7.1
Throwing       | 1 2 3 4 5 6 7 |  7.1
Dodging        | 1 2 3 4 5 6 7 |  7.1
Shields        | 1 2 3 4 5 6 7 |  7.1
Unarmed Combat | 1 2 3 4 5 6 7 |  7.1
Evocations     | 1 2 3 4 5 6 7 |  7.1
Hexes          | 1 2 3 4 5 |  5.9
Charms         | 1 2 3 4 5 |  5.9
Summonings     | 1 2 3 4 5 |  5.9
Translocations | 1 2 3 4 5 |  5.9
Transmutations | 1 2 3 4 5 |  5.9
Fire Magic     | 1 2 3 4 5 |  5.9
Ice Magic      | 1 2 3 4 5 |  5.9
Air Magic      | 1 2 3 4 5 |  5.9
Earth Magic    | 1 2 3 4 5 |  5.9
Poison Magic   | 1 2 3 4 5 |  5.9
Armour         | 3 4 5 6 7 |  7.6
Maces & Flails | 5 6 7 8 |  8.5
Stealth        | 5 6 7 8 |  8.3
Spellcasting   | 8 9 10 | 10.1

Action                   |  1- 3 |  4- 6 |  7- 9 | 10-12 || total
-------------------------+-------+-------+-------+-------++-------
Melee: Dagger            |     7 |    34 |       |       ||    41
       Bite              |       |     2 |    16 |    42 ||    60
       Whip              |       |     1 |   120 |   334 ||   455
       Punch             |       |     1 |     5 |    11 ||    17
       Trident           |       |       |     4 |       ||     4
       Quarterstaff      |       |       |       |    16 ||    16
 Fire: Hunting sling     |       |       |       |     7 ||     7
Throw: Dart              |       |       |       |     4 ||     4
 Cast: Magic Dart        |    92 |   199 |   297 |   592 ||  1180
       Conjure Flame     |     1 |     4 |    17 |    31 ||    53
       Blink             |     1 |     1 |     3 |    22 ||    27
       Mephitic Cloud    |       |     1 |     8 |    19 ||    28
       Summon Butterflie |       |       |       |     1 ||     1
Evoke: Wand              |       |       |     2 |       ||     2
  Use: Scroll            |       |     1 |     7 |    17 ||    25
       Potion            |       |       |       |     2 ||     2
 Stab: Sleeping          |     1 |       |       |     2 ||     3
       Paralysed         |       |       |     5 |       ||     5
       Confused          |       |       |     4 |    13 ||    17
  Eat: Chunk             |     1 |     7 |    12 |     8 ||    28
       Ration            |       |     1 |       |     5 ||     6
Armor: Robe              |     3 |    15 |     7 |       ||    25
       Leather armour    |       |       |    28 |   117 ||   145
       Ring mail         |       |       |       |     2 ||     2
Dodge: Dodged            |    12 |    46 |   107 |   334 ||   499
       Deflected         |       |       |       |     4 ||     4
